 Dungeon Crawl Stone Soup version 0.27-a0-1378-gdefffd1ff6 (webtiles) character file.

Game seed: 13402859724647128524

2527 Lanoc the Frost Mage (level 9, 0/51 HPs)
             Began as an Octopode Ice Elementalist on June 29, 2021.
             Was an Elder of Elyvilon.
             Slain by an orc wizard (3 damage)
             ... on level 6 of the Dungeon.
             The game lasted 00:11:05 (7049 turns).

Lanoc the Frost Mage (Octopode Ice Elementalist)    Turns: 7049, Time: 00:11:05

Health: 0/51       AC:  5    Str:  7 (8)  XL:     9   Next: 54%
Magic:  11/12      EV: 16    Int: 20 (22) God:    Elyvilon [****..]
Gold:   296        SH:  0    Dex: 14      Spells: 5/12 levels left

rFire    . . .     SeeInvis .   a - +1 short sword (protect)
rCold    . . .     Faith    .   (no shield)
rNeg     + . .     Spirit   .   (helmet restricted)
rPois    .         Reflect  .   (no amulet)
rElec    .         Harm     .   b - +4 ring of protection
rCorr    .         Rampage  .   n - ring of positive energy
Will     .....                  (no ring)
Stlth    ++........             (no ring)
HPRegen  0.17/turn              (no ring)
MPRegen  0.13/turn              (no ring)
                                (no ring)
                                (no ring)

@: confused
A: almost no armour, amphibious, 8 rings, camouflage 1, gelatinous body 1,
(nimble swimmer 1), tentacles, antennae 1, large bone plates 1, agile 1, clever
1
a: Renounce Religion, Lesser Healing, Heal Other, Purification, Greater Healing,
Divine Protection


You were on level 6 of the Dungeon.
You worshipped Elyvilon.
Elyvilon was greatly pleased with you.
You visited 2 branches of the dungeon, and saw 7 of its levels.

You collected 296 gold pieces.

Inventory:

Hand Weapons
 a - a +1 short sword of protection (weapon)
Jewellery
 b - a +4 ring of protection (left tentacle)
 n - a ring of positive energy (right tentacle)
Wands
 h - a wand of polymorph (6)
 l - a wand of digging (7)
 o - a wand of iceblast (8)
Scrolls
 c - 6 scrolls of identify {unknown}
 d - a scroll of amnesia {unknown}
 e - a scroll of noise {unknown}
 g - a scroll of blinking {unknown}
 i - 4 scrolls of teleportation {unknown}
 j - 2 scrolls of vulnerability {unknown}
 k - 2 scrolls of fear {unknown}
 m - a scroll of enchant armour {unknown}
Potions
 f - a potion of mutation


   Skills:
 + Level 7.5 Dodging
 - Level 2.6 Stealth
 - Level 2.0 Spellcasting
 * Level 11.0 Ice Magic


You had 5 spell levels left.
You knew the following spells:

 Your Spells              Type           Power      Damage    Failure   Level
a - Freeze                Ice            100%       1d11      1%          1
b - Frozen Ramparts       Ice            92%        1d11      1%          3
c - Ozocubu's Armour      Ice            46%        N/A       1%          3

Your spell library contained the following spells:

 Spells                   Type           Power      Damage    Failure   Level
 Magic Dart               Conj           8%         1d3       16%         1
 Hailstorm                Conj/Ice       24%        3d7       16%         4
 Searing Ray              Conj           4%         3d3       24%         2
 Metabolic Englaciation   Hex/Ice        12%        N/A       41%         5
 Dazzling Flash           Conj/Hex       4%         N/A       43%         3
 Fulminant Prism          Conj/Hex       1%         3d6       83%         4
 Iskenderun's Mystic Bla  Conj/Tloc      2%         2d3       83%         4


Dungeon Overview and Level Annotations

Branches:
Dungeon (6/15)             Temple (1/1) D:4

Altars:
Elyvilon
Gozag
Makhleb
Trog
Vehumet
Wu Jian
Zin


Innate Abilities, Weirdness & Mutations

You cannot wear most types of armour.
You are amphibious.
You can wear up to eight rings at the same time.
Your skin changes colour to match your surroundings (Stealth+).
Your rubbery body absorbs attacks. (AC +1, EV +1)
((You are camouflaged near water. (Stealth+)))
You have tentacles for arms and can constrict up to eight enemies at once.
You have a pair of small antennae on your head.
You are partially covered in large bone plates. (SH +4)
You are agile. (Dex +2)
Your mind is acute. (Int +2)


Message History

The centaur is lightly wounded.
You block the centaur's attack. The centaur barely misses you.
The centaur closely misses you. x2
The orc wizard mumbles some strange words.
The orc wizard flickers and vanishes!
Deactivating autopickup; reactivate with Ctrl-A.
Casting: Frozen Ramparts (safe; 1% risk of failure)
Confirm with . or Enter, or press ? or * to list all spells.
Aiming: Freeze (safe; 1% risk of failure)
Press: ? - help, Shift-Dir - straight line, f - centaur
Aim: a centaur, quivering arrows (lightly wounded)
You freeze the centaur!
The centaur is heavily wounded.
The centaur barely misses you. The centaur completely misses you.
Casting: Freeze (safe; 1% risk of failure)
Confirm with . or Enter, or press ? or * to list all spells.
Aiming: Freeze (safe; 1% risk of failure)
Press: ? - help, Shift-Dir - straight line, f/p - centaur
Aim: a centaur, quivering arrows (heavily wounded)
You freeze the centaur!
The centaur is almost dead.
You block the centaur's attack. The centaur barely misses you.
The centaur hits you.
The centaur kicks you but does no damage.
The centaur wields a +0 shortbow.
The centaur shoots an arrow.
The arrow hits you!
The orc wizard points at you and mumbles some strange words.
The magic dart hits you!
* * * LOW HITPOINT WARNING * * *
The centaur shoots an arrow.
You block the arrow. The orc wizard casts a spell at you.
You are confused.
You bump into the rock wall.
The centaur shoots an arrow.
The arrow closely misses you.
The centaur shoots an arrow.
The arrow completely misses you.
The centaur shoots an arrow.
The arrow hits you!
* * * LOW HITPOINT WARNING * * *
Okay, then.
You barely miss something. Something hits you.
You die...

.# #.# .# #.# ... .# ##.#
#....# .#####..# ######
#.....# ..##....###....#
##..#...## ....##.........##
#..#.....#
..#####...####..###.##......
..# #..## #..##..#.......
.## #..## ##.@{o#........ .#
#..## #####.c....... .. #..#
#.o....... .....#
#.......... #...#
#........... #. #...........
#............ #.............
#...[.........


You could see a centaur and an orc.

Vanquished Creatures
  Grinder (D:5)
  Eustachio (D:5)
  4 yaks (D:5)
  A neqoxec (D:5)
  Edmund (D:4)
  Duvessa (D:5)
  An ice beast (D:5)
  A black bear (D:6)
  A centaur (D:5)
  2 ogres
  2 phantoms (D:4)
  A gnoll sergeant (D:5)
  A water moccasin zombie (D:5)
  Dowan (D:5)
  3 hounds
  Crazy Yiuf (D:2)
  Ijyb (D:4)
  2 iguanas (D:5)
  Natasha (D:4)
  A killer bee zombie (D:5)
  Robin (D:2)
  9 gnolls
  9 adders
  A white imp (D:6)
  3 worms
  2 dart slugs
  7 orcs
  5 bats (D:1)
  8 endoplasms
  4 giant cockroaches
  14 goblins
  11 hobgoblins
  13 jackals
  6 kobolds
  4 quokkas
  8 ball pythons
  2 frilled lizards (D:3)
  A quokka skeleton (D:4)
  2 rats (D:1)
138 creatures vanquished.

Notes
Turn   | Place    | Note
-------+----------+-------------------------------------------
     0 | D:1      | Lanoc the Octopode Ice Elementalist began the quest for the
                  | Orb.
     0 | D:1      | Reached XP level 1. HP: 11/11 MP: 3/3
   214 | D:1      | Found a faded altar of an unknown god.
   231 | D:1      | Reached XP level 2. HP: 17/17 MP: 1/5
   236 | D:1      | Became a worshipper of Elyvilon the Healer
   236 | D:1      | Reached * piety under Elyvilon
   573 | D:1      | Reached XP level 3. HP: 21/21 MP: 6/6
  1088 | D:2      | Reached skill level 5 in Ice Magic
  1134 | D:2      | Reached ** piety under Elyvilon
  1202 | D:2      | Reached XP level 4. HP: 27/27 MP: 7/7
  1302 | D:1      | Learned a level 3 spell: Frozen Ramparts
  1440 | D:2      | Noticed Robin
  1455 | D:2      | Killed Robin
  1749 | D:2      | Reached XP level 5. HP: 31/31 MP: 6/8
  1770 | D:2      | Found a radiant altar of Vehumet.
  1912 | D:2      | Found a runed translucent door.
  1913 | D:2      | Noticed Crazy Yiuf
  2161 | D:2      | Killed Crazy Yiuf
  2392 | D:3      | Found a bloodstained altar of Trog.
  2397 | D:3      | Reached skill level 6 in Ice Magic
  2608 | D:3      | Found a burning altar of Makhleb.
  2611 | D:3      | Found a glowing silver altar of Zin.
  2611 | D:3      | Noticed an angel
  2612 | D:3      | Noticed a balrug
  2923 | D:3      | Learned a level 3 spell: Ozocubu's Armour
  3288 | D:4      | Noticed Edmund
  3292 | D:4      | Reached XP level 6. HP: 34/36 MP: 4/9
  3294 | D:4      | Killed Edmund
  3402 | D:4      | Found a staircase to the Ecumenical Temple.
  3442 | Temple   | Entered the Ecumenical Temple
  3487 | D:4      | Noticed Ijyb
  3488 | D:4      | Reached *** piety under Elyvilon
  3496 | D:4      | Killed Ijyb
  3686 | D:4      | Gained mutation: Your mind is acute. (Int +2) [potion of
                  | mutation]
  3686 | D:4      | Gained mutation: You are agile. (Dex +2) [potion of
                  | mutation]
  3686 | D:4      | Gained mutation: You have a pair of small antennae on your
                  | head. [potion of mutation]
  3708 | D:4      | Reached skill level 7 in Ice Magic
  3708 | D:4      | Reached XP level 7. HP: 8/41 MP: 1/10
  4244 | D:4      | Found an ornate altar of the Wu Jian Council.
  4476 | D:4      | Noticed Natasha
  4478 | D:4      | Killed Natasha
  4660 | D:5      | Entered Level 5 of the Dungeon
  4740 | D:5      | Reached skill level 5 in Dodging
  4953 | D:5      | Reached skill level 8 in Ice Magic
  4965 | D:5      | Reached XP level 8. HP: 29/46 MP: 6/11
  4985 | D:5      | Noticed Duvessa
  4986 | D:5      | Noticed Dowan
  5027 | D:5      | Killed Duvessa
  5037 | D:5      | Killed Dowan
  5540 | D:5      | Noticed a yak
  5540 | D:5      | Noticed a yak
  5545 | D:5      | Killed a yak
  5546 | D:5      | Reached skill level 9 in Ice Magic
  5547 | D:5      | Killed a yak
  5598 | D:5      | Noticed a yak
  5604 | D:5      | Noticed a yak
  5606 | D:5      | Killed a yak
  5611 | D:5      | Killed a yak
  5612 | D:5      | Reached skill level 10 in Ice Magic
  5612 | D:5      | Reached XP level 9. HP: 51/51 MP: 9/12
  5869 | D:5      | Found an opulent altar of Gozag.
  5954 | D:5      | Identified the +0 barding of the Pirate {Harm Will+}
  6030 | D:5      | Noticed Grinder
  6033 | D:5      | Paralysed by Grinder for 6 turns
  6040 | D:5      | Paralysed by Grinder for 3 turns
  6050 | D:5      | Killed Grinder
  6060 | D:5      | HP: 1/51 [white imp/puff of frost (8)]
  6475 | D:5      | Noticed Eustachio
  6484 | D:5      | Killed Eustachio
  6556 | D:5      | Reached **** piety under Elyvilon
  6686 | D:5      | Gained mutation: You are partially covered in large bone
                  | plates. (SH +4) [a neqoxec]
  6946 | D:6      | Reached skill level 11 in Ice Magic
  7049 | D:6      | Slain by an orc wizard

Illustrated notes

Levels and vault maps discovered:
D:1:      mrwooster_arrival_statue_2, layout_basic,
          ebering_ecumenical_altar_rust, serial_bayou_pond_c,
          serial_bayou_pond_d, minmay_misc_feat_four_crosses,
          kennysheep_pointless_box
D:2:      layout_basic, basic_altar, uniq_robin, uniq_crazy_yiuf_cottage
D:3:      layout_basic, grunt_temple_overflow_order_and_chaos_2,
          lemuel_doored_altar, grunt_ministairs_7
D:4:      layout_loops_ring, nzn_wu_jian_council_hall,
          minmay_temple_entry_wispy, uniq_edmund, uniq_ijyb, uniq_natasha
D:5:      layout_loops_ring, grunt_gozag_breadcrumbs, serial_rivers,
          chequers_serial_rivers_micro_e, chequers_serial_rivers_marsh,
          chequers_serial_rivers_room_b, chequers_serial_rivers_large_a,
          chequers_serial_rivers_micro_c, minmay_misc_feat_square, uniq_duvessa,
          uniq_grinder, uniq_eustachio
D:6:      layout_layer_cave, uniq_menkaure
Temple:   minmay_temple_forest_path

Skill      XL: |  1  2  3  4  5  6  7  8  9 |
---------------+----------------------------+-----
Ice Magic      | 5 6 7 8 10 11 | 11.0
Dodging        | 3 4 5 6 7 |  7.5
Stealth        | |  2.6
Spellcasting   | |  2.0

Action                   |  1- 3 |  4- 6 |  7- 9 || total
-------------------------+-------+-------+-------++-------
Melee: Short sword       |    54 |    65 |    76 ||   195
       Constrict         |    15 |    18 |    15 ||    48
       Tentacles         |     4 |     7 |    15 ||    26
       Unarmed           |     1 |       |       ||     1
 Cast: Freeze            |    16 |    21 |    20 ||    57
       Frozen Ramparts   |       |    25 |    26 ||    51
Evoke: Wand              |       |     3 |    17 ||    20
  Use: Potion            |       |     3 |     2 ||     5
 Stab: Sleeping          |    10 |     5 |     3 ||    18
       Distracted        |       |     1 |       ||     1
Armor: Skin              |    18 |    13 |    41 ||    72
Dodge: Dodged            |    56 |    65 |    91 ||   212
Block: Other             |       |       |     9 ||     9

Table legend: (Time is in decaauts)
 A = Elapsed time spent in this place.
 B = Non-inter-level travel time spent in this place.
 C = Inter-level travel time spent in this place.
 D = Time resting spent in this place.
 E = Time spent auto-exploring this place.
 F = Levels seen in this place.
 G = Mean time per level.
                   A        B        C        D        E       F      G
               +--------+--------+--------+--------+--------+-----+--------+
         Total |   7025 |   6831 |    194 |    417 |   5430 |   7 | 1003.6 |
       Dungeon |   7023 |   6829 |    194 |    417 |   5430 |   6 | 1170.5 |
        Temple |      1 |      1 |      0 |      0 |      0 |   1 |    1.0 |
               +--------+--------+--------+--------+--------+-----+--------+

Top non-repeatable levels by time:
     D:5: 1766 daAuts
     D:4: 1625 daAuts
     D:2: 1297 daAuts
     D:1: 1066 daAuts
     D:3: 933 daAuts
     D:6: 333 daAuts
  Temple: 1 daAuts
